 Dungeon Crawl Stone Soup version 0.24.1 (webtiles) character file.

Game seed: 12199859275629884303, levelgen mode: deterministic

361 Jabu the Chopper (level 6, -6/57 HPs)
             Began as a Hill Orc Monk on Mar 30, 2020.
             Mangled by an ogre
             ... wielding a +0 giant club
              (12 damage)
             ... on level 4 of the Dungeon.
             The game lasted 00:12:32 (4183 turns).

Jabu the Chopper (Hill Orc Monk)                    Turns: 4183, Time: 00:12:33

Health: -6/57      AC: 12    Str: 21    XL:     6   Next: 66%
Magic:  6/6        EV:  9    Int: 10    God:
Gold:   114        SH:  0    Dex: 13    Spells: 5/5 levels left

rFire    . . .     SeeInvis .   a - +0 hand axe
rCold    . . .     Gourm    .   (no shield)
rNeg     . . .     Faith    .   l - +3 chain mail
rPois    .         Spirit   .   (no helmet)
rElec    .         Reflect  .   (no cloak)
rCorr    .         Harm     .   (no gloves)
MR       .....                  (no boots)
Stlth    ..........             (no amulet)
HPRegen  0.19/turn              o - +5 ring of strength
MPRegen  0.10/turn              (no ring)

@: no status effects
A: no striking features
a: no special abilities


You were on level 4 of the Dungeon.
You were hungry.

You visited 1 branch of the dungeon, and saw 4 of its levels.

You collected 114 gold pieces.

Inventory:

Hand Weapons
 a - a +0 hand axe (weapon)
 b - a +0 hunting sling
Missiles
 n - 65 sling bullets
Armour
 l - a +3 chain mail (worn)
Jewellery
 o - a +5 ring of strength (left hand)
Scrolls
 e - 2 scrolls of teleportation {unknown}
 f - a scroll of magic mapping {unknown}
 g - a scroll of fear {unknown}
 h - 4 scrolls of identify {unknown}
 i - a scroll of blinking {unknown}
 j - 4 scrolls of immolation {unknown}
 k - a scroll of remove curse {unknown}
 m - 2 scrolls of enchant armour {unknown}
 p - a scroll of amnesia {unknown}
Potions
 d - 2 potions of brilliance {unknown}
 q - a potion of lignification {unknown}
Comestibles
 c - 10 rations
 r - 5 chunks of flesh


   Skills:
 + Level 5.6 Fighting
 * Level 6.7 Axes
 + Level 3.7 Armour
 - Level 2.4 Dodging
 - Level 1.5 Stealth


You had 5 spell levels left.
You didn't know any spells.
Your spell library was empty.

Dungeon Overview and Level Annotations

Branches:
Dungeon (4/15)
 Temple: D:4-7

Altars:
Gozag
Wu Jian
Xom


Message History

The ogre is lightly wounded.
The ogre hits you with a +0 giant club!
Your chain mail prevents you from hitting the ogre.
The ogre is lightly wounded.
The ogre hits you with a +0 giant club!
You hit the ogre.
The ogre is lightly wounded.
You hit the ogre.
The ogre is moderately wounded.
The ogre hits you with a +0 giant club!!
* * * LOW HITPOINT WARNING * * *
You hit the ogre.
The ogre is moderately wounded.
The ogre hits you but does no damage.
Okay, then.
Things that are here:
a +0 flail; an orc skeleton
There is an escape hatch in the ceiling here.
The ogre hits you with a +0 giant club!
You die...

##### ### #.).##
##.##
.###.#########...##
)# #..............#
o# #..[...####oO@##
#...#####.# ##.##
#### #.# #.# #.#
#.# #.# #.# #.# #.#
#.# #.# #.# #.# #.#
#.#


You could see an ogre and an orc.

Vanquished Creatures
  An ogre (D:3)
  A howler monkey (D:4)
  An orc wizard (D:4)
  Jessica (D:2)
  A gnoll (D:1)
  7 adders
  An ooze (D:2)
  7 worms
  3 dart slugs
  2 leopard geckos
  8 orcs
  A ball python (D:3)
  A giant cockroach (D:1)
  6 goblins
  6 hobgoblins
  6 jackals
  10 kobolds
  4 bats
  2 frilled lizards (D:1)
  9 rats
78 creatures vanquished.

Notes
Turn   | Place    | Note
-------+----------+-------------------------------------------
     0 | D:1      | Jabu the Hill Orc Monk began the quest for the Orb.
     0 | D:1      | Reached XP level 1. HP: 19/19 MP: 1/1
   452 | D:1      | Reached XP level 2. HP: 27/27 MP: 2/2
   513 | D:1      | Reached skill level 1 in Armour
   587 | D:1      | Reached XP level 3. HP: 33/33 MP: 3/3
  1148 | D:2      | Found an ornate altar of the Wu Jian Council.
  1182 | D:2      | Noticed Jessica
  1395 | D:2      | Reached XP level 4. HP: 41/41 MP: 4/4
  1414 | D:2      | Reached skill level 5 in Axes
  1591 | D:2      | Killed Jessica
  1790 | D:2      | Reached XP level 5. HP: 38/47 MP: 5/5
  2625 | D:3      | Reached skill level 5 in Fighting
  2676 | D:3      | Found an opulent altar of Gozag.
  3772 | D:4      | Reached skill level 6 in Axes
  3772 | D:4      | Reached XP level 6. HP: 56/56 MP: 6/6
  3817 | D:4      | Found a shimmering altar of Xom.
  3817 | D:4      | Found a shimmering altar of Xom.
  3821 | D:4      | Found a shimmering altar of Xom.
  3821 | D:4      | Found a shimmering altar of Xom.
  4165 | D:4      | HP: 2/57 [ogre/+0 giant club (26)]
  4183 | D:4      | Mangled by an ogre

Levels and vault maps discovered:
D:1:      psy_arrival_radial02, layout_basic, minmay_misc_feat_ornament
D:2:      layout_basic, overflow_temple_1_default, first_ration,
          hangedman_abyss_or_decor_stabs, uniq_jessica
D:3:      layout_loops_ring, grunt_gozag_breadcrumbs
D:4:      layout_loops_ring, minmay_liquid_box, xom_redecorated

Skill      XL: |  1  2  3  4  5 |
---------------+----------------+-----
Fighting       | 4 5 |  5.6
Armour         | 1 2 3 |  3.7
Axes           | 5 6 |  6.7
Dodging        | |  2.4
Stealth        | |  1.5

Action                   |  1- 3 |  4- 6 || total
-------------------------+-------+-------++-------
Melee: Hand axe          |   115 |   175 ||   290
 Fire: Hunting sling     |       |    55 ||    55
  Eat: Chunk             |     2 |     8 ||    10
Armor: Ring mail         |    17 |       ||    17
       Chain mail        |    41 |   110 ||   151
Dodge: Dodged            |    50 |    48 ||    98
